 Dungeon Crawl Stone Soup version 0.30-a0-422-g946f4849ff (webtiles) character file.

Game seed: 18318136322588352524

829 funkygono the Firebug (level 7, -2/36 HPs)
             Began as a Gargoyle Fire Elementalist on Dec 8, 2022.
             Was an Initiate of Vehumet.
             Slain by an iron imp (6 damage)
             ... on level 5 of the Dungeon.
             The game lasted 00:09:14 (5690 turns).

funkygono the Firebug (Gargoyle Fire Elementalist)  Turns: 5690, Time: 00:09:14

Health: -2/36      AC:  9    Str: 11    XL:     7   Next: 97%
Magic:  23/23      EV: 12    Int: 18    God:    Vehumet [......]
Gold:   330        SH:  0    Dex: 10    Spells: 12/15 levels left

rFire   . . .      SeeInvis .    j - +0 whip
rCold   . . .      Faith    .    (no shield)
rNeg    + . .      Spirit   .    a - +0 robe
rPois   ∞          Reflect  .    p - +2 helmet
rElec   +          Harm     .    (no cloak)
rCorr   .          Rampage  .    (no gloves)
Will    .....                    (no boots)
Stlth   ++........               A - amulet of the acrobat
HPRegen 0.26/turn                q - ring of magical power
MPRegen 0.18/turn                (no ring)

@: no status effects
A: sickness immunity, AC +4, negative energy resistance 1, electricity
resistance, torment resistance 1, petrification resistance
a: Renounce Religion


You were on level 5 of the Dungeon.
You worshipped Vehumet.
Vehumet was noncommittal.
You visited 2 branches of the dungeon, and saw 6 of its levels.

You collected 330 gold pieces.

Inventory:

Hand Weapons
 i - a +3 dagger
 j - a +0 whip (weapon)
Armour
 a - a +0 robe (worn)
 p - a +2 helmet (worn)
Magical Staves
 k - a staff of earth
Jewellery
 e - an amulet of faith
 q - a ring of magical power (left hand)
 A - an amulet of the acrobat (around neck)
Wands
 s - a wand of polymorph (23)
Scrolls
 c - a scroll of immolation {unknown}
 g - a scroll of teleportation {unknown}
 h - 4 scrolls of identify {unknown}
 l - a scroll of blinking {unknown}
 u - a scroll of amnesia {unknown}
 w - a scroll of fear {unknown}
 x - a scroll of vulnerability {unknown}
 y - a scroll of poison {unknown}
 z - a scroll of magic mapping {unknown}
 D - a scroll of fog {unknown}
Potions
 b - a potion of magic
 d - 2 potions of brilliance {unknown}
 f - 2 potions of lignification {unknown}
 m - a potion of flight {unknown}
 n - 2 potions of resistance {unknown}
 o - 3 potions of heal wounds {unknown}
 r - 2 potions of curing {unknown}
 t - a potion of might
 v - a potion of haste {unknown}
 B - a potion of berserk rage {unknown}
 C - a potion of mutation {unknown}


   Skills:
 + Level 0.1 Maces & Flails
 + Level 2.3 Dodging
 - Level 2.1 Stealth
 + Level 4.7 Spellcasting
 + Level 4.1 Conjurations
 + Level 6.4 Fire Magic


You had 12 spell levels left.
You knew the following spells:

 Your Spells              Type           Power      Damage    Failure   Level
a - Foxfire               Conj/Fire      92%        2x1d8     1%          1
b - Scorch                Fire           54%        2d7       1%          2

Your spell library contained the following spells:

 Spells                   Type           Power      Damage    Failure   Level
 Inner Flame              Hex/Fire       15%        N/A       11%         3
 Flame Wave               Conj/Fire      23%        2d8       16%         4
 Kindle Blastsparks       Fire/Tloc/Air  22%        2d11      17%         3


Dungeon Overview and Level Annotations

Branches:
Dungeon (5/15)             Temple (1/1) D:4

Altars:
Ashenzari
Cheibriados
Fedhas
Gozag
Hepliaklqana
Kikubaaqudgha
Makhleb
Ru
Trog
Vehumet
Wu Jian
Xom
Zin
The Shining One

Shops:
D:4 =


Innate Abilities, Weirdness & Mutations

You are immune to sickness and miasma.
Your stone body is resilient. (AC +4)
You are immune to poison.
You resist negative energy. (rN+)
You are resistant to electric shocks. (rElec)
You are resistant to unholy torment.
You are immune to petrification.


Message History

You hit the iron imp.
The iron imp is severely wounded.
The iron imp hits you.
You hit the iron imp but do no damage.
The iron imp is severely wounded.
The iron imp completely misses you.
You hit the iron imp but do no damage.
The iron imp is severely wounded.
You hit the iron imp but do no damage.
The iron imp is severely wounded.
The iron imp hits you!
* * * LOW HITPOINT WARNING * * *
You hit the iron imp but do no damage.
The iron imp is severely wounded.
The iron imp completely misses you.
You barely miss the iron imp.
The iron imp is severely wounded.
The iron imp misses you.
You hit the iron imp but do no damage.
The iron imp is severely wounded.
The iron imp barely misses you.
You hit the iron imp but do no damage.
The iron imp is severely wounded.
The iron imp completely misses you.
You closely miss the iron imp.
The iron imp is severely wounded.
The iron imp hits you but does no damage.
You barely miss the iron imp.
The iron imp is severely wounded.
The iron imp hits you but does no damage.
You hit the iron imp.
The iron imp is almost dead.
The iron imp hits you!
* * * LOW HITPOINT WARNING * * *
You barely miss the iron imp.
The iron imp is almost dead.
You closely miss the iron imp.
The iron imp is almost dead.
The iron imp hits you.
You die...

.........#######.......
########............##+###
....<..+............#.....
....................#.....
........#######.....#.....
#######†#.....##....##'###
#......#####.#.#........
........##5._#.#.#........
......#.#@#.<#.#.#........
........#.####.#.#........
#######.##....##.#........
...###### ######### ...
... #### ####


You could see an iron imp.

Vanquished Creatures
  A steam dragon (D:4)
  A water moccasin (D:5)
  A scorpion (D:4)
  A bullfrog (D:4)
  3 hounds (D:4)
  An orc priest (D:5)
  2 jellies
  3 iguanas (D:4)
  An orc wizard (D:5)
  Robin (D:2)
  3 adders
  An ufetubus (D:5)
  3 worms (D:2)
  3 dart slugs
  11 orcs
  4 ball pythons
  6 endoplasms
  A giant cockroach (D:2)
  19 goblins
  13 hobgoblins
  3 jackals (D:1)
  6 quokkas
  5 bats
  7 frilled lizards
  9 kobolds
  6 rats
115 creatures vanquished.

Vanquished Creatures (others)
  368 foxfires
  6 plants (D:1)
374 creatures vanquished.

Grand Total: 489 creatures vanquished

Notes
Turn   | Place    | Note
-------+----------+-------------------------------------------
     0 | D:1      | funkygono the Gargoyle Fire Elementalist began the quest
                  | for the Orb.
     0 | D:1      | Reached XP level 1. HP: 10/10 MP: 3/3
   189 | D:1      | Reached XP level 2. HP: 15/15 MP: 3/5
   448 | D:1      | Learned a level 2 spell: Scorch
   645 | D:1      | Reached XP level 3. HP: 19/19 MP: 2/6
  1884 | D:2      | Reached XP level 4. HP: 24/24 MP: 0/7
  2052 | D:2      | Reached skill level 4 in Fire Magic
  2053 | D:2      | Noticed Robin
  2075 | D:2      | Killed Robin
  2860 | D:3      | Found an ancient bone altar of Kikubaaqudgha.
  3222 | D:3      | Found a sacrificial altar of Ru.
  3245 | D:3      | Reached XP level 5. HP: 28/28 MP: 8/8
  4079 | D:4      | Reached skill level 5 in Fire Magic
  4079 | D:4      | Reached XP level 6. HP: 32/32 MP: 10/10
  4278 | D:4      | Noticed a steam dragon
  4287 | D:4      | Killed a steam dragon
  4288 | D:4      | Reached XP level 7. HP: 10/36 MP: 10/12
  4397 | D:4      | Found a staircase to the Ecumenical Temple.
  4407 | Temple   | Entered the Ecumenical Temple
  4516 | Temple   | Became a worshipper of Vehumet
  4690 | D:4      | Found Ocijin's Jewellery Emporium.
  4887 | D:4      | Reached skill level 6 in Fire Magic
  5087 | D:5      | Entered Level 5 of the Dungeon
  5662 | D:5      | Found a snail-covered altar of Cheibriados.
  5690 | D:5      | Slain by an iron imp

Illustrated notes

Levels and vault maps discovered:
D:1:      eino_arrival_water_cross, layout_basic, minmay_misc_feat_doors,
          st_stairs_5, minmay_fountain_box, minmay_small_reverse_x
D:2:      layout_loops_cross, uniq_robin
D:3:      layout_basic, amcnicky_altar_gilded, lemuel_tele_altar,
          chequers_arboretum
D:4:      layout_rooms, minmay_temple_entry_arrows, serial_shops, shop,
          kennysheep_generic_room_12
D:5:      layout_gridville, chei_slow_surprise, uniq_grinder
Temple:   minmay_temple_curvy_loop

Skill      XL: |  1  2  3  4  5  6  7 |
---------------+----------------------+-----
Dodging        | 2 |  2.3
Conjurations   | 2 3 4 |  4.1
Fire Magic     | 4 5 6 |  6.4
Spellcasting   | 3 4 |  4.7
Maces & Flails | |  0.1
Stealth        | |  2.1

Action                   |  1- 3 |  4- 6 |  7- 9 || total
-------------------------+-------+-------+-------++-------
Melee: Unarmed           |     1 |       |       ||     1
       Whip              |     8 |    17 |    26 ||    51
       Dagger            |     1 |       |       ||     1
 Cast: Foxfire           |    67 |    94 |    58 ||   219
       Scorch            |     6 |    11 |    12 ||    29
Armor: Robe              |     9 |     8 |    21 ||    38
Dodge: Dodged            |    30 |    11 |    33 ||    74

Table legend: (Time is in decaauts)
 A = Elapsed time spent in this place.
 B = Non-inter-level travel time spent in this place.
 C = Inter-level travel time spent in this place.
 D = Time resting spent in this place.
 E = Time spent auto-exploring this place.
 F = Levels seen in this place.
 G = Mean time per level.
                   A        B        C        D        E       F      G
               +--------+--------+--------+--------+--------+-----+--------+
         Total |   5694 |   5574 |    120 |     61 |   4696 |   6 |  949.0 |
       Dungeon |   5468 |   5372 |     96 |     61 |   4502 |   5 | 1093.6 |
        Temple |    225 |    202 |     23 |      0 |    194 |   1 |  225.0 |
               +--------+--------+--------+--------+--------+-----+--------+

Top non-repeatable levels by time:
     D:1: 1485 daAuts
     D:3: 1253 daAuts
     D:2: 1227 daAuts
     D:4: 1049 daAuts
     D:5: 453 daAuts
  Temple: 225 daAuts
